 Dungeon Crawl Stone Soup version 0.18-a0-1639-g7533f42 (webtiles) character file.

66 ithil the Slasher (level 3, 0/33 HPs)
             Began as a Minotaur Berserker on Mar 27, 2016.
             Was a Believer of Trog.
             Slain by Sigmund
             ... wielding a +0 scythe
              (10 damage)
             ... on level 2 of the Dungeon.
             The game lasted 00:06:08 (1642 turns).

ithil the Slasher (Minotaur Berserker)              Turns: 1642, Time: 00:06:09

Health: 0/33       AC: 10    Str: 22    XL:     3   Next: 96%
Magic:  2/2        EV:  8    Int:  4    God:    Trog [**....]
Gold:   41         SH:  0    Dex:  9    Spells: 0 memorised, 2 levels left

rFire  . . .     SeeInvis .     a - +0 falchion
rCold  . . .     Gourm    .     p - +0 chain mail
rNeg   . . .     Faith    .     (no shield)
rPois  .         Spirit   .     (helmet restricted)
rElec  .         Dismiss  .     (no cloak)
rCorr  .         Reflect  .     h - +0 pair of gloves
SustAt .         Harm     .     (no boots)
MR     .....                    (no amulet)
Stlth  ..........               (no ring)
                                (no ring)

@: not resistant to hostile enchantments, extremely unstealthy
A: retaliatory headbutt, horns 2
a: Berserk, Trog's Hand, Burn Spellbooks, Renounce Religion


You were on level 2 of the Dungeon.
You worshipped Trog.
Trog was pleased with you.
You were not hungry.

You visited 1 branch of the dungeon, and saw 2 of its levels.

You collected 41 gold pieces.

Inventory:

Hand Weapons
 a - a +0 falchion (weapon)
 n - a +0 dagger
Armour
 b - a +0 animal skin
 h - a +0 pair of gloves (worn)
 p - a +0 chain mail (worn)
Jewellery
 e - an uncursed amulet of guardian spirit {unknown}
Scrolls
 f - 2 scrolls of noise {unknown}
 g - a scroll of random uselessness {unknown}
 m - a scroll of magic mapping {unknown}
 o - a scroll of remove curse {unknown}
 q - a scroll of fog {unknown}
 r - 2 scrolls of teleportation {unknown}
Potions
 d - a potion of curing {unknown}
 k - a potion of haste
Comestibles
 c - 2 bread rations
 l - 3 chunks of flesh
 s - 2 meat rations


   Skills:
 + Level 4.1 Fighting
 + Level 4.4 Long Blades
 + Level 2.9 Armour
 + Level 3.1 Dodging
 + Level 0.3 Stealth


You had 2 spell levels left.
You didn't know any spells.

Dungeon Overview and Level Annotations

Branches:
Dungeon (2/15)

Altars:
Okawaru

Annotations:
D:2 Sigmund


Innate Abilities, Weirdness & Mutations

You reflexively headbutt those who attack you in melee.
You have a pair of horns on your head.


Message History

You bump into the crystal wall.
Sigmund gestures wildly while chanting.
Sigmund flickers and vanishes!
Deactivating autopickup; reactivate with Ctrl-A.
You miss something. Your headbutt misses something.
You feel less confused.
You hear some strange, mumbled words.
You are confused.
You closely miss something. Your headbutt misses something. Something hits you.
You closely miss something. Something hits you.
You barely miss something. Something hits you but does no damage.
You bump into the crystal wall.
You bump into the rock wall.
You hear some strange, mumbled words.
A magic dart appears from out of thin air!
The magic dart hits you!
You bump into the rock wall.
Something hits you!
You feel less confused. Something hits you!
You die...

......##....## #..###......#
.#....##.....####..>##......#
.#........._................#
......####.....##...........#
......# ##....##..##.[...###
##....# #....##..##.....#
......# #.#####.........#
##....#####.#####.###.....#
..............{.@## #.....#
...##.........#### #.....#
##....###...#.## #######
........... #..#
###.###.##........... ..
.....###....... ......
....... #.. ....... #.
.......


There were no monsters in sight!

Vanquished Creatures
  Robin (D:2)
  A worm (D:2)
  2 dart slugs (D:1)
  2 giant geckos (D:1)
  A giant cockroach (D:1)
  13 goblins (D:2)
  5 hobgoblins
  3 jackals (D:1)
  2 kobolds
  5 bats
  7 giant newts (D:1)
  A rat (D:1)
43 creatures vanquished.

Notes
Turn   | Place    | Note
--------------------------------------------------------------
     0 | D:1      | ithil the Minotaur Berserker began the quest for the Orb.
     0 | D:1      | Reached XP level 1. HP: 19/19 MP: 0/0
   378 | D:1      | Reached XP level 2. HP: 20/27 MP: 1/1
   662 | D:1      | Reached ** piety under Trog
  1101 | D:1      | Reached XP level 3. HP: 25/33 MP: 2/2
  1270 | D:2      | Noticed Robin
  1292 | D:2      | Killed Robin
  1429 | D:2      | Found an iron altar of Okawaru.
  1619 | D:2      | Noticed Sigmund
  1642 | D:2      | Slain by Sigmund

Vault maps used:
D:1:      dpeg_arrival_radiant, grunt_decor_one_mirror, st_stairs_13,
          minmay_lizard_king
D:2:      nicolae_overflow_crystal_walls, uniq_crazy_yiuf_cottage, uniq_sigmund,
          uniq_robin

Skill      XL: |  1  2  3 |
---------------+----------+-----
Long Blades    | 4 |  4.4
Fighting       | 4 |  4.1
Dodging        | 3 |  3.1
Armour         | |  2.9
Stealth        | |  0.3

Action                   || total
-------------------------++-------
Melee: Falchion          ||    89
  Use: Potion            ||     4
 Stab: Sleeping          ||     1
  Eat: Chunk             ||     2
